 Dungeon Crawl Stone Soup version 0.29.1-1-gd02db6906a (webtiles) character file.

Game seed: 11803663684671249399

313 LustLizard the Trooper (level 6, 0/48 HPs)
             Began as a Demonspawn Fighter on Oct 4, 2022.
             Slain by a gnoll
             ... wielding a +0 halberd
              (12 damage)
             ... on level 4 of the Dungeon.
             The game lasted 00:11:41 (4754 turns).

LustLizard the Trooper (Demonspawn Fighter)         Turns: 4754, Time: 00:11:42

Health: 0/48       AC: 15    Str: 16    XL:     6   Next: 19%
Magic:  6/6        EV:  6    Int:  9    God:
Gold:   156        SH:  6    Dex: 21    Spells: 5/5 levels left

rFire   . . .      SeeInvis .   a - +0 long sword
rCold   . . .      Faith    .   c - +0 buckler
rNeg    . . .      Spirit   .   i - +0 chain mail
rPois   .          Reflect  .   (helmet restricted)
rElec   .          Harm     .   (no cloak)
rCorr   .          Rampage  .   (no gloves)
Will    .....                   (no boots)
Stlth   ..........              e - amulet of the acrobat
HPRegen 0.16/turn               s - +6 ring of dexterity
MPRegen 0.10/turn               (no ring)

@: sanguine armoured
A: antennae 1, powered by pain 1, sanguine armour 1
a: no special abilities


You were on level 4 of the Dungeon.
You visited 2 branches of the dungeon, and saw 5 of its levels.
You also visited: Sewer.

You collected 156 gold pieces.

Inventory:

Hand Weapons
 a - a +0 long sword (weapon)
Missiles
 f - 2 poisoned darts
 l - 53 stones (quivered)
Armour
 b - a +0 scale mail
 c - a +0 buckler (worn)
 i - a +0 chain mail (worn)
 t - a +0 plate armour
Jewellery
 e - an amulet of the acrobat (around neck)
 s - a +6 ring of dexterity (left hand)
Wands
 y - a wand of mindburst (7)
Scrolls
 g - 2 scrolls of noise {unknown}
 k - 3 scrolls of magic mapping {unknown}
 m - a scroll of immolation {unknown}
 n - 3 scrolls of identify {unknown}
 o - a scroll of teleportation {unknown}
 q - a scroll of amnesia {unknown}
 r - a scroll of poison {unknown}
Potions
 d - 3 potions of might
 h - a potion of brilliance {unknown}
 j - 2 potions of mutation {unknown}
 p - a potion of cancellation {unknown}
 u - a potion of degeneration {unknown}
 v - a potion of heal wounds {unknown}
 w - a potion of invisibility {unknown}
 x - a potion of magic {unknown}
 z - a potion of ambrosia {unknown}


   Skills:
 + Level 4.1 Fighting
 * Level 4.0 Long Blades
 + Level 3.6 Armour
 + Level 3.7 Shields


You had 5 spell levels left.
You didn't know any spells.
Your spell library contained the following spells:

 Spells                   Type           Power      Damage    Failure   Level
 Sandblast                Erth           0%         2d4       100%        1
 Passwall                 Tmut/Erth      0%         N/A       100%        2
 Stone Arrow              Conj/Erth      0%         3d7       100%        3


Dungeon Overview and Level Annotations

Branches:
Dungeon (4/15)             Temple (1/1) D:4           Sewer (visited)

Altars:
Cheibriados
Dithmenos
Fedhas
Kikubaaqudgha
Qazlal
Sif Muna
Uskayaw
Vehumet
Yredelemnul


Innate Abilities, Weirdness & Mutations

You have a pair of small antennae on your head.
You sometimes gain a little power by taking damage.
When seriously injured, your blood forms armour. (AC +6)


Message History

You block the endoplasm's attack.
You hit the endoplasm.
The endoplasm is lightly wounded.
The endoplasm hits you but does no damage.
You hit the endoplasm.
The endoplasm is heavily wounded.
The endoplasm freezes you.
You are frozen.
You slash the endoplasm!
You kill the endoplasm!
The hound bites you. The hound attacks as you move away!
You block the hound's attack. The hound bites you but does no damage.
You closely miss the hound. The hound closely misses you.
The gnoll hits you from afar with a +0 halberd.
The hound bites you but does no damage.
You hit the hound.
The hound is moderately wounded.
You block the hound's attack. The gnoll barely misses you.
You hit the hound.
The hound is heavily wounded.
The hound barely misses you.
The gnoll hits you from afar with a +0 halberd!
Your blood congeals into armour.
You block the hound's attack.
You slash the hound!
The hound is almost dead.
The hound bites you. You block the gnoll's attack.
The hound bites you but does no damage.
You hit the hound.
You kill the hound!
The gnoll hits you from afar with a +0 halberd.
The gnoll hits you from afar with a +0 halberd!
* * * LOW HITPOINT WARNING * * *
Your Long Blades skill increases to level 4!
A gnoll comes into view. It is wielding a +0 halberd.
The gnoll closely misses you.
You hit the gnoll.
The gnoll is moderately wounded.
The gnoll hits you with a +0 halberd!
You die...

... .. #.# ..
##<###. ##.....
##.....## #+
#.......# #.#
#.....# #.# ###
#.g.# ##.##
##.####@## ##...##
##...###.#
#.....###.....##.#
#...............#
###..####.....####
.....# ##...##
###.## ##.## #.#
### #.#


You could see a gnoll.

Vanquished Creatures
  A kobold brigand (Sewer)
  A hound (D:4)
  An orc priest (D:3)
  3 adders
  2 river rats (D:4)
  A white imp (D:3)
  2 worms
  6 dart slugs
  8 orcs
  6 ball pythons
  7 bats
  11 endoplasms
  A giant cockroach (D:4)
  8 goblins
  7 hobgoblins
  10 jackals
  A quokka (D:2)
  5 frilled lizards
  2 goblin skeletons (D:3)
  A goblin zombie (D:3)
  A hobgoblin zombie (D:3)
  22 kobolds
  A kobold skeleton (D:3)
  An orc zombie (D:3)
  10 rats
119 creatures vanquished.

Vanquished Creatures (others)
  2 fungi (D:4)
  3 plants (Sewer)
5 creatures vanquished.

Grand Total: 124 creatures vanquished

Notes
Turn   | Place    | Note
-------+----------+-------------------------------------------
     0 | D:1      | LustLizard the Demonspawn Fighter began the quest for the
                  | Orb.
     0 | D:1      | Reached XP level 1. HP: 18/18 MP: 1/1
   284 | D:1      | Found a faded altar of an unknown god.
   285 | D:1      | Noticed a floating eye
   300 | D:1      | Noticed a shining eye
   310 | D:1      | Noticed a golden eye
   329 | D:1      | Gained mutation: When seriously injured, your blood forms
                  | armour. (AC +6) [demonic ancestry]
   329 | D:1      | Reached XP level 2. HP: 21/24 MP: 2/2
   517 | D:1      | Noticed a floating eye
   902 | D:1      | Gained mutation: You have a pair of small antennae on your
                  | head. [demonic ancestry]
   902 | D:1      | Reached XP level 3. HP: 29/29 MP: 3/3
  1945 | D:2      | Reached XP level 4. HP: 35/35 MP: 4/4
  3030 | D:3      | Noticed a phantom
  3241 | D:3      | Gained mutation: You sometimes gain a little power by
                  | taking damage. [demonic ancestry]
  3241 | D:3      | Reached XP level 5. HP: 17/42 MP: 5/5
  3761 | D:4      | Found a glowing drain.
  3765 | Sewer    | Entered a sewer
  3910 | Sewer    | Identified the +0 robe "Lops" {rPois Str-3 Slay+2}
  4281 | D:4      | Noticed a black bear
  4307 | D:4      | Reached XP level 6. HP: 47/48 MP: 6/6
  4472 | D:4      | Found a staircase to the Ecumenical Temple.
  4481 | Temple   | Entered the Ecumenical Temple
  4601 | D:4      | Found a basalt altar of Yredelemnul.
  4754 | D:4      | Slain by a gnoll

Illustrated notes

Levels and vault maps discovered:
D:1:      eino_arrival_cavern_b, layout_loops_ring,
          hellmonk_ecumenical_altar_watching_god, st_stairs_10
D:2:      layout_basic, supply_closet_lemuel
D:3:      layout_basic, nicolae_tso_besieged_by_evil, kennysheep_generic_room_3
D:4:      layout_loops_corners, mainiacjoe_overflow_catwalk_spiral,
          minmay_temple_entry_mist, gup_sewer_entry_bowl, dreamdust_gnoll_farm
Temple:   hellmonk_temple_rainy

Skill      XL: |  1  2  3  4  5  6 |
---------------+-------------------+-----
Long Blades    | 2 3 4 |  4.0
Armour         | 3 |  3.6
Shields        | 3 |  3.7
Fighting       | 4 |  4.1

Action                   |  1- 3 |  4- 6 || total
-------------------------+-------+-------++-------
Melee: Long sword        |   106 |   250 ||   356
Throw: Dart              |     2 |       ||     2
Armor: Scale mail        |    13 |       ||    13
       Chain mail        |    20 |   145 ||   165
Dodge: Dodged            |    47 |   109 ||   156
Block: Buckler           |    12 |    97 ||   109
